[ AOE2 MATCH · #460114321 ]
UnrankedMagyars vs Mongols
Player's team · LOSS
[ REPLAY ANALYSIS · EXTRACTED FROM THE RECORDED GAME ]
Feudal
9:44
Castle
23:44
Imperial
47:57
| APM avg | 46.2 |
| APM peak | 80 |
| eAPM avg | 22.0 |
| Villagers / military | 236 / 269 |
Focus
⚔️ 34.7% · 🌾 65.3%
Archer ×147 · Knight ×67 · Scout Cavalry ×50 · Spearman ×4 · Trebuchet (Packed) ×1
Feudal
9:17
Castle
19:20
Imperial
38:39
| APM avg | 48.1 |
| APM peak | 102 |
| eAPM avg | 23.5 |
| Villagers / military | 208 / 193 |
Focus
⚔️ 41.4% · 🌾 58.6%
Mangudai ×119 · Knight ×59 · Scout Cavalry ×7 · Fishing Ship ×6 · Trebuchet (Packed) ×6 · Unknown (2626) ×4
Feudal
8:51
Castle
21:50
Imperial
44:07
| APM avg | 50.1 |
| APM peak | 121 |
| eAPM avg | 25.0 |
| Villagers / military | 183 / 133 |
Focus
⚔️ 45.7% · 🌾 54.3%
Mangudai ×69 · Knight ×52 · Scout Cavalry ×10 · Trebuchet (Packed) ×2
Feudal
10:02
Castle
19:52
Imperial
39:48
| APM avg | 91.9 |
| APM peak | 198 |
| eAPM avg | 57.3 |
| Villagers / military | 247 / 463 |
Focus
⚔️ 63.2% · 🌾 36.8%
Knight ×198 · Scout Cavalry ×118 · Cavalry Archer ×89 · Trade Cart ×51 · Archer ×37 · Fishing Ship ×16
Match map
Initial resources + every placement click. Lines = walls · curves = elevation contours. ◆ gold · ⬟ stone · ● berries · ✦ relic · ◌ wall gap
Inputs per minute
— Karl Ess - - [BÜN] Nehekbo
Build order — Karl Ess
First 150 of 479 actions detected
| 0:02 | Create | Villager (Male) ×4 |
| 0:04 | Build | House |
| 0:05 | Build | House |
| 1:31 | Create | Villager (Male) |
| 1:31 | Create | Villager (Male) |
| 2:00 | Create | Villager (Male) |
| 2:00 | Create | Villager (Male) |
| 2:11 | Build | Lumber Camp |
| 2:18 | Create | Villager (Male) |
| 2:19 | Create | Villager (Male) |
| 2:52 | Create | Villager (Male) |
| 2:52 | Create | Villager (Male) |
| 3:07 | Create | Villager (Male) |
| 3:07 | Create | Villager (Male) |
| 3:36 | Create | Villager (Male) |
| 3:36 | Create | Villager (Male) |
| 3:58 | Build | House |
| 4:11 | Create | Villager (Male) |
| 4:11 | Create | Villager (Male) |
| 4:33 | Create | Villager (Male) |
| 4:33 | Create | Villager (Male) |
| 5:09 | Build | Mill |
| 5:43 | Create | Villager (Male) |
| 5:46 | Build | House |
| 6:10 | Create | Villager (Male) |
| 6:10 | Create | Villager (Male) |
| 7:34 | Research | Feudal Age |
| 7:34 | Research | Feudal Age |
| 7:42 | Create | Villager (Male) |
| 7:44 | Create | Villager (Male) |
| 7:49 | Research | Loom |
| 7:49 | Create | Villager (Male) |
| 8:16 | Build | Barracks |
| 8:41 | Build | House |
| 8:46 | Build | Palisade Wall |
| 8:52 | Build | Palisade Wall |
| 9:44 | Age | Feudal Age |
| 9:44 | Create | Villager (Male) |
| 9:47 | Build | Archery Range |
| 9:49 | Build | Archery Range |
| 9:51 | Create | Spearman |
| 9:51 | Create | Spearman |
| 10:07 | Research | Double-Bit Axe |
| 10:07 | Research | Double-Bit Axe |
| 10:15 | Create | Spearman |
| 10:24 | Create | Villager (Male) |
| 10:39 | Create | Archer |
| 10:44 | Build | Mining Camp |
| 11:21 | Create | Villager (Male) |
| 11:21 | Create | Villager (Male) |
| 11:31 | Build | Palisade Wall |
| 11:53 | Create | Archer |
| 11:53 | Create | Archer |
| 11:57 | Build | Palisade Wall |
| 12:04 | Create | Villager (Male) |
| 12:05 | Create | Villager (Male) |
| 12:09 | Build | House |
| 12:12 | Build | Palisade Wall |
| 12:25 | Create | Villager (Male) |
| 12:28 | Build | House |
| 12:49 | Create | Villager (Male) |
| 12:53 | Create | Archer |
| 12:54 | Create | Archer |
| 13:06 | Create | Villager (Male) |
| 13:11 | Build | Farm |
| 13:11 | Build | Farm |
| 13:11 | Build | Farm |
| 13:11 | Build | Farm |
| 13:12 | Build | Farm |
| 13:12 | Build | Farm |
| 13:12 | Build | Farm |
| 13:23 | Create | Spearman |
| 13:32 | Build | House |
| 13:35 | Build | Palisade Wall |
| 13:44 | Create | Archer |
| 13:44 | Create | Archer |
| 13:45 | Create | Archer |
| 14:08 | Create | Villager (Male) |
| 14:24 | Build | House |
| 14:26 | Create | Archer |
| 14:26 | Create | Archer |
| 14:35 | Create | Villager (Male) |
| 14:41 | Build | Farm |
| 14:48 | Build | Blacksmith |
| 14:56 | Build | House |
| 15:03 | Create | Villager (Male) |
| 15:10 | Create | Archer |
| 15:10 | Create | Archer |
| 15:16 | Build | House |
| 15:27 | Create | Archer |
| 15:27 | Create | Archer |
| 15:37 | Create | Villager (Male) |
| 15:38 | Create | Villager (Male) |
| 15:48 | Build | House |
| 15:54 | Create | Archer |
| 15:58 | Create | Villager (Male) |
| 16:05 | Build | Farm |
| 16:07 | Build | Farm |
| 16:21 | Create | Archer |
| 16:21 | Create | Archer |
| 16:23 | Create | Villager (Male) |
| 16:31 | Create | Villager (Male) |
| 16:32 | Create | Archer |
| 16:33 | Create | Archer |
| 16:45 | Build | Palisade Gate |
| 16:47 | Build | House |
| 16:48 | Build | House |
| 16:49 | Build | House |
| 16:57 | Build | Palisade Wall |
| 17:08 | Create | Archer |
| 17:09 | Create | Archer |
| 17:26 | Create | Archer |
| 17:26 | Create | Archer |
| 17:27 | Create | Villager (Male) |
| 17:28 | Create | Villager (Male) |
| 17:33 | Build | Farm |
| 17:34 | Build | Farm |
| 17:50 | Build | Farm |
| 17:54 | Create | Archer |
| 17:55 | Create | Archer |
| 18:08 | Create | Villager (Male) |
| 18:21 | Create | Villager (Male) |
| 18:23 | Create | Archer |
| 18:24 | Create | Archer |
| 18:42 | Create | Archer |
| 18:42 | Create | Archer |
| 18:55 | Research | Fletching |
| 19:00 | Create | Archer |
| 19:00 | Create | Archer |
| 19:17 | Build | Farm |
| 19:26 | Build | Watch Tower |
| 19:29 | Create | Archer |
| 19:30 | Create | Archer |
| 19:39 | Create | Villager (Male) |
| 19:40 | Create | Villager (Male) |
| 20:05 | Create | Villager (Male) |
| 20:05 | Create | Villager (Male) |
| 20:14 | Build | Market |
| 20:18 | Build | Palisade Gate |
| 20:29 | Build | House |
| 20:32 | Create | Archer |
| 20:32 | Create | Archer |
| 20:32 | Create | Archer |
| 20:34 | Create | Villager (Male) |
| 20:39 | Build | Lumber Camp |
| 20:42 | Build | House |
| 20:42 | Build | House |
| 20:43 | Build | House |
| 21:04 | Research | Castle Age |
| 21:05 | Research | Castle Age |
Build order — [BÜN] Nehekbo
First 150 of 582 actions detected
| 0:00 | Create | Villager (Male) |
| 0:01 | Create | Villager (Male) |
| 0:01 | Create | Villager (Male) |
| 0:02 | Build | House |
| 0:04 | Build | House |
| 0:06 | Create | Villager (Male) |
| 0:07 | Create | Villager (Male) |
| 1:24 | Create | Villager (Male) |
| 1:24 | Create | Villager (Male) |
| 2:06 | Build | Lumber Camp |
| 2:07 | Create | Villager (Male) |
| 2:07 | Create | Villager (Male) |
| 2:20 | Create | Villager (Male) |
| 2:21 | Create | Villager (Male) |
| 2:46 | Create | Villager (Male) |
| 2:46 | Create | Villager (Male) |
| 3:15 | Create | Villager (Male) |
| 3:15 | Create | Villager (Male) |
| 3:31 | Create | Villager (Male) |
| 3:31 | Create | Villager (Male) |
| 3:41 | Build | House |
| 3:55 | Create | Villager (Male) |
| 4:33 | Create | Villager (Male) |
| 4:34 | Create | Villager (Male) |
| 4:57 | Build | Dock |
| 5:14 | Create | Villager (Male) |
| 5:37 | Create | Villager (Male) |
| 5:44 | Create | Fishing Ship |
| 5:52 | Build | House |
| 6:08 | Create | Villager (Male) |
| 6:11 | Create | Fishing Ship |
| 6:35 | Research | Loom |
| 6:57 | Create | Fishing Ship |
| 7:02 | Research | Feudal Age |
| 7:49 | Build | House |
| 8:26 | Build | Barracks |
| 8:40 | Create | Villager (Male) |
| 9:17 | Age | Feudal Age |
| 9:27 | Build | Stable |
| 9:28 | Create | Villager (Male) |
| 9:44 | Create | Villager (Male) |
| 10:04 | Create | Villager (Male) |
| 10:26 | Create | Scout Cavalry |
| 10:26 | Create | Scout Cavalry |
| 10:27 | Build | House |
| 10:34 | Research | Double-Bit Axe |
| 10:34 | Research | Double-Bit Axe |
| 10:43 | Build | Mill |
| 10:45 | Create | Scout Cavalry |
| 10:46 | Create | Villager (Male) |
| 10:54 | Create | Fire Galley |
| 11:04 | Create | Villager (Male) |
| 11:12 | Research | Horse Collar |
| 11:19 | Create | Villager (Male) |
| 11:41 | Create | Villager (Male) |
| 11:43 | Create | Scout Cavalry |
| 12:11 | Create | Scout Cavalry |
| 12:28 | Create | Scout Cavalry |
| 12:28 | Create | Villager (Male) |
| 12:32 | Build | House |
| 12:35 | Build | Farm |
| 12:35 | Build | Farm |
| 12:35 | Build | Farm |
| 12:35 | Build | Farm |
| 12:36 | Build | Farm |
| 12:36 | Build | Farm |
| 12:36 | Build | Farm |
| 12:48 | Build | House |
| 13:08 | Create | Scout Cavalry |
| 13:09 | Create | Villager (Male) |
| 13:13 | Build | Farm |
| 13:18 | Build | House |
| 13:29 | Build | Farm |
| 13:30 | Create | Villager (Male) |
| 13:35 | Create | Fishing Ship |
| 13:39 | Build | Farm |
| 13:49 | Create | Villager (Male) |
| 13:59 | Build | Farm |
| 14:02 | Build | Farm |
| 14:09 | Build | House |
| 14:14 | Build | Mining Camp |
| 14:26 | Create | Villager (Male) |
| 14:46 | Create | Villager (Male) |
| 14:46 | Create | Villager (Male) |
| 15:33 | Create | Villager (Male) |
| 15:40 | Build | Market |
| 15:42 | Build | Blacksmith |
| 16:05 | Research | Gold Mining |
| 16:11 | Create | Villager (Male) |
| 16:38 | Research | Castle Age |
| 16:38 | Research | Castle Age |
| 16:46 | Build | House |
| 16:50 | Build | Lumber Camp |
| 16:59 | Research | Scale Barding Armor |
| 17:14 | Research | Forging |
| 17:30 | Research | Bloodlines |
| 17:36 | Create | Unit 2626 |
| 17:39 | Build | House |
| 17:53 | Create | Villager (Male) |
| 17:59 | Build | Dock |
| 18:11 | Build | House |
| 18:21 | Research | Tech 906 |
| 18:27 | Research | Tech 906 |
| 18:31 | Create | Villager (Male) |
| 18:41 | Research | Forging |
| 18:51 | Build | Stable |
| 19:09 | Create | Unit 2626 |
| 19:09 | Create | Unit 2626 |
| 19:20 | Age | Castle Age |
| 19:20 | Create | Villager (Male) |
| 19:22 | Build | House |
| 19:30 | Create | Knight |
| 19:36 | Create | Knight |
| 19:36 | Research | Fletching |
| 19:49 | Create | Unit 2626 |
| 19:58 | Create | Villager (Male) |
| 20:00 | Build | House |
| 20:17 | Create | Villager (Male) |
| 20:25 | Create | Knight |
| 20:25 | Create | Knight |
| 20:27 | Create | Villager (Male) |
| 20:40 | Build | House |
| 21:03 | Create | Villager (Male) |
| 21:10 | Create | Knight |
| 21:10 | Create | Knight |
| 21:16 | Build | House |
| 21:25 | Research | Chain Barding Armor |
| 21:29 | Build | Town Center |
| 21:37 | Create | Knight |
| 21:37 | Create | Knight |
| 21:49 | Create | Knight |
| 21:49 | Create | Knight |
| 21:53 | Create | Villager (Male) |
| 21:56 | Build | House |
| 22:03 | Create | Fishing Ship |
| 22:04 | Create | Fishing Ship |
| 22:10 | Create | Knight |
| 22:11 | Create | Knight |
| 22:11 | Create | Villager (Male) |
| 22:12 | Create | Villager (Male) |
| 22:28 | Create | Villager (Male) |
| 22:39 | Create | Knight |
| 22:43 | Create | Knight |
| 22:43 | Create | Knight |
| 23:00 | Create | Knight |
| 23:01 | Create | Knight |
| 23:20 | Create | Knight |
| 23:21 | Create | Villager (Male) |
| 23:26 | Build | Farm |
| 23:27 | Build | Farm |
Build order — |TEMPLE| Christine
First 150 of 479 actions detected
| 0:01 | Create | Villager (Male) |
| 0:01 | Create | Villager (Male) |
| 0:02 | Create | Villager (Male) |
| 0:02 | Create | Villager (Male) |
| 0:03 | Build | House |
| 0:04 | Build | House |
| 1:17 | Create | Villager (Male) |
| 1:17 | Create | Villager (Male) |
| 1:54 | Create | Villager (Male) |
| 1:54 | Create | Villager (Male) |
| 2:04 | Build | Lumber Camp |
| 2:18 | Create | Villager (Male) |
| 2:18 | Create | Villager (Male) |
| 2:43 | Create | Villager (Male) |
| 2:43 | Create | Villager (Male) |
| 3:08 | Create | Villager (Male) |
| 3:08 | Create | Villager (Male) |
| 3:24 | Create | Villager (Male) |
| 3:24 | Create | Villager (Male) |
| 3:24 | Create | Villager (Male) |
| 3:48 | Create | Villager (Male) |
| 3:48 | Create | Villager (Male) |
| 3:50 | Build | House |
| 4:46 | Create | Villager (Male) |
| 5:04 | Create | Villager (Male) |
| 5:07 | Build | Mill |
| 5:19 | Create | Villager (Male) |
| 6:03 | Research | Loom |
| 6:25 | Research | Feudal Age |
| 7:17 | Create | Villager (Male) |
| 7:25 | Build | House |
| 7:43 | Build | Barracks |
| 8:51 | Age | Feudal Age |
| 8:57 | Build | Stable |
| 9:00 | Create | Villager (Male) |
| 9:18 | Create | Villager (Male) |
| 9:27 | Build | House |
| 9:37 | Build | Palisade Wall |
| 9:43 | Create | Scout Cavalry |
| 9:43 | Create | Scout Cavalry |
| 9:44 | Create | Scout Cavalry |
| 9:46 | Create | Villager (Male) |
| 10:08 | Build | Farm |
| 10:09 | Build | Farm |
| 10:10 | Build | Farm |
| 10:11 | Build | Farm |
| 10:13 | Create | Villager (Male) |
| 10:36 | Build | Palisade Wall |
| 10:52 | Build | Farm |
| 10:55 | Build | Farm |
| 10:56 | Create | Villager (Male) |
| 10:59 | Build | House |
| 11:03 | Create | Scout Cavalry |
| 11:16 | Build | Palisade Wall |
| 11:51 | Create | Scout Cavalry |
| 11:52 | Create | Scout Cavalry |
| 11:52 | Create | Scout Cavalry |
| 12:05 | Create | Villager (Male) |
| 12:05 | Create | Villager (Male) |
| 12:07 | Build | House |
| 12:39 | Create | Villager (Male) |
| 12:39 | Create | Villager (Male) |
| 12:43 | Build | House |
| 12:53 | Create | Scout Cavalry |
| 12:54 | Create | Scout Cavalry |
| 13:26 | Build | Palisade Wall |
| 13:37 | Build | House |
| 13:53 | Build | Blacksmith |
| 13:56 | Create | Villager (Male) |
| 13:56 | Create | Villager (Male) |
| 14:00 | Build | Farm |
| 14:01 | Build | Farm |
| 14:06 | Create | Scout Cavalry |
| 14:17 | Build | Mining Camp |
| 14:24 | Build | Farm |
| 14:25 | Create | Villager (Male) |
| 14:48 | Build | Watch Tower |
| 14:58 | Create | Villager (Male) |
| 15:01 | Build | House |
| 15:46 | Create | Villager (Male) |
| 15:46 | Create | Villager (Male) |
| 15:58 | Build | Palisade Wall |
| 16:13 | Create | Villager (Male) |
| 16:14 | Build | Farm |
| 16:19 | Build | Farm |
| 16:21 | Build | Farm |
| 16:37 | Build | Farm |
| 16:40 | Build | Farm |
| 16:44 | Create | Villager (Male) |
| 16:51 | Build | House |
| 17:19 | Create | Villager (Male) |
| 17:36 | Build | House |
| 17:37 | Create | Villager (Male) |
| 17:40 | Build | Farm |
| 17:43 | Build | Farm |
| 17:52 | Create | Villager (Male) |
| 18:06 | Build | Farm |
| 18:36 | Build | Farm |
| 18:38 | Create | Villager (Male) |
| 19:10 | Research | Castle Age |
| 20:15 | Create | Villager (Male) |
| 20:16 | Build | Farm |
| 20:42 | Research | Scale Barding Armor |
| 20:42 | Research | Forging |
| 20:49 | Build | Farm |
| 21:07 | Research | Double-Bit Axe |
| 21:40 | Build | Stable |
| 21:47 | Create | Villager (Male) |
| 21:50 | Age | Castle Age |
| 21:52 | Create | Knight |
| 21:52 | Create | Knight |
| 22:27 | Create | Knight |
| 22:41 | Research | Chain Barding Armor |
| 22:46 | Create | Villager (Male) |
| 22:58 | Create | Villager (Male) |
| 23:04 | Build | Market |
| 23:23 | Create | Knight |
| 23:25 | Create | Knight |
| 23:36 | Create | Knight |
| 23:43 | Create | Knight |
| 23:51 | Create | Villager (Male) |
| 24:05 | Build | Farm |
| 24:06 | Build | Farm |
| 24:07 | Build | Farm |
| 24:08 | Build | Farm |
| 24:11 | Create | Villager (Male) |
| 24:15 | Create | Knight |
| 24:30 | Create | Knight |
| 24:41 | Create | Villager (Male) |
| 25:08 | Create | Knight |
| 25:09 | Create | Knight |
| 25:20 | Create | Villager (Male) |
| 25:24 | Build | House |
| 25:27 | Create | Villager (Male) |
| 25:34 | Build | Town Center |
| 25:38 | Create | Knight |
| 25:38 | Create | Knight |
| 25:50 | Create | Knight |
| 25:51 | Create | Knight |
| 26:00 | Build | House |
| 26:02 | Create | Villager (Male) |
| 26:16 | Create | Villager (Male) |
| 26:34 | Create | Knight |
| 26:43 | Create | Villager (Male) |
| 26:50 | Create | Knight |
| 27:02 | Create | Knight |
| 27:05 | Research | Husbandry |
| 27:17 | Create | Villager (Male) |
| 27:21 | Create | Villager (Male) |
| 27:21 | Create | Villager (Male) |
Build order — Aveee
First 150 of 1130 actions detected
| 0:01 | Create | Villager (Male) |
| 0:01 | Create | Villager (Male) |
| 0:02 | Build | House |
| 0:03 | Build | House |
| 0:05 | Create | Villager (Male) |
| 0:05 | Create | Villager (Male) |
| 0:09 | Create | Villager (Male) |
| 0:09 | Create | Villager (Male) |
| 1:23 | Create | Villager (Male) |
| 1:23 | Create | Villager (Male) |
| 2:01 | Create | Villager (Male) |
| 2:01 | Create | Villager (Male) |
| 2:01 | Create | Villager (Male) |
| 2:23 | Create | Villager (Male) |
| 2:23 | Create | Villager (Male) |
| 2:23 | Create | Villager (Male) |
| 2:32 | Build | Lumber Camp |
| 2:45 | Create | Villager (Male) |
| 2:45 | Create | Villager (Male) |
| 3:00 | Create | Villager (Male) |
| 3:00 | Create | Villager (Male) |
| 3:33 | Create | Villager (Male) |
| 3:33 | Create | Villager (Male) |
| 3:33 | Create | Villager (Male) |
| 3:38 | Build | House |
| 3:53 | Create | Villager (Male) |
| 4:30 | Build | Dock |
| 4:39 | Create | Villager (Male) |
| 4:40 | Create | Villager (Male) |
| 4:40 | Create | Villager (Male) |
| 4:55 | Build | House |
| 5:03 | Create | Villager (Male) |
| 5:03 | Create | Villager (Male) |
| 5:03 | Create | Villager (Male) |
| 5:09 | Create | Villager (Male) |
| 5:10 | Create | Villager (Male) |
| 5:10 | Create | Villager (Male) |
| 5:14 | Create | Fishing Ship |
| 5:15 | Create | Fishing Ship |
| 5:15 | Create | Fishing Ship |
| 5:44 | Create | Villager (Male) |
| 5:44 | Create | Villager (Male) |
| 5:45 | Create | Villager (Male) |
| 5:59 | Create | Fishing Ship |
| 6:00 | Create | Fishing Ship |
| 6:00 | Create | Fishing Ship |
| 6:15 | Create | Villager (Male) |
| 6:15 | Create | Villager (Male) |
| 6:15 | Create | Villager (Male) |
| 6:33 | Build | House |
| 6:53 | Create | Fishing Ship |
| 6:54 | Create | Fishing Ship |
| 6:54 | Create | Fishing Ship |
| 6:56 | Create | Villager (Male) |
| 6:57 | Create | Villager (Male) |
| 6:57 | Create | Villager (Male) |
| 6:57 | Create | Villager (Male) |
| 6:57 | Create | Villager (Male) |
| 7:14 | Create | Villager (Male) |
| 7:15 | Create | Villager (Male) |
| 7:15 | Create | Villager (Male) |
| 7:15 | Create | Villager (Male) |
| 7:37 | Create | Fishing Ship |
| 7:58 | Research | Feudal Age |
| 8:49 | Create | Villager (Male) |
| 8:56 | Create | Fishing Ship |
| 9:04 | Research | Loom |
| 9:23 | Build | Dock |
| 9:43 | Build | Mill |
| 9:58 | Create | Villager (Male) |
| 10:02 | Age | Feudal Age |
| 10:12 | Create | Fire Galley |
| 10:19 | Create | Villager (Male) |
| 10:34 | Create | Villager (Male) |
| 10:36 | Build | Barracks |
| 10:39 | Create | Villager (Male) |
| 10:53 | Build | House |
| 10:55 | Research | Town Watch |
| 10:57 | Create | Villager (Male) |
| 11:03 | Build | Mining Camp |
| 11:07 | Create | Villager (Male) |
| 11:17 | Create | Villager (Male) |
| 11:22 | Create | Spearman |
| 11:27 | Build | House |
| 11:29 | Build | House |
| 11:31 | Research | Double-Bit Axe |
| 11:31 | Research | Double-Bit Axe |
| 11:37 | Build | House |
| 11:42 | Create | Villager (Male) |
| 12:00 | Create | Unit 2626 |
| 12:00 | Create | Unit 2626 |
| 12:07 | Create | Unit 2626 |
| 12:08 | Create | Villager (Male) |
| 12:15 | Create | Villager (Male) |
| 12:21 | Build | Archery Range |
| 12:21 | Create | Villager (Male) |
| 12:32 | Create | Villager (Male) |
| 12:38 | Create | Villager (Male) |
| 12:47 | Create | Spearman |
| 12:53 | Build | Archery Range |
| 12:54 | Create | Villager (Male) |
| 13:06 | Build | Farm |
| 13:09 | Build | Farm |
| 13:12 | Create | Villager (Male) |
| 13:26 | Create | Villager (Male) |
| 13:33 | Create | Villager (Male) |
| 13:44 | Create | Archer |
| 13:46 | Create | Archer |
| 13:50 | Create | Archer |
| 13:53 | Create | Archer |
| 13:56 | Create | Villager (Male) |
| 14:06 | Build | House |
| 14:11 | Create | Villager (Male) |
| 14:17 | Create | Fire Galley |
| 14:19 | Create | Fire Galley |
| 14:23 | Create | Villager (Male) |
| 14:33 | Create | Villager (Male) |
| 14:35 | Build | House |
| 14:36 | Create | Archer |
| 14:48 | Create | Archer |
| 14:48 | Create | Archer |
| 15:12 | Build | Blacksmith |
| 15:19 | Build | House |
| 15:20 | Create | Archer |
| 15:20 | Create | Archer |
| 15:28 | Create | Archer |
| 15:37 | Create | Villager (Male) |
| 15:37 | Create | Villager (Male) |
| 15:51 | Create | Archer |
| 15:51 | Create | Archer |
| 15:52 | Create | Villager (Male) |
| 15:54 | Create | Villager (Male) |
| 16:02 | Build | Building 800 |
| 16:02 | Create | Villager (Male) |
| 16:11 | Create | Archer |
| 16:13 | Create | Archer |
| 16:13 | Create | Archer |
| 16:20 | Research | Fletching |
| 16:20 | Research | Fletching |
| 16:29 | Build | Market |
| 16:30 | Create | Villager (Male) |
| 16:33 | Research | Gold Mining |
| 16:33 | Research | Gold Mining |
| 16:39 | Create | Archer |
| 16:39 | Create | Archer |
| 16:39 | Create | Archer |
| 16:40 | Create | Villager (Male) |
| 16:46 | Build | Stone Wall |
| 16:49 | Create | Archer |
| 16:49 | Create | Archer |
Match timeline
| 4:30 | Aveee · first_building Dock |
| 4:57 | [BÜN] Nehekbo · first_building Dock |
| 7:43 | |TEMPLE| Christine · first_building Barracks |
| 8:16 | Karl Ess · first_building Barracks |
| 8:26 | [BÜN] Nehekbo · first_building Barracks |
| 8:46 | Karl Ess · wall_segment Palisade Wall x9 |
| 8:51 | |TEMPLE| Christine · age_up feudal |
| 8:52 | Karl Ess · wall_segment Palisade Wall x6 |
| 8:57 | |TEMPLE| Christine · first_building Stable |
| 9:17 | [BÜN] Nehekbo · age_up feudal |
| 9:27 | [BÜN] Nehekbo · first_building Stable |
| 9:37 | |TEMPLE| Christine · wall_segment Palisade Wall x10 |
| 9:44 | Karl Ess · age_up feudal |
| 9:47 | Karl Ess · first_building Archery Range |
| 10:02 | Aveee · age_up feudal |
| 10:36 | |TEMPLE| Christine · wall_segment Palisade Wall x7 |
| 10:36 | Aveee · first_building Barracks |
| 11:16 | |TEMPLE| Christine · wall_segment Palisade Wall x6 |
| 11:31 | Karl Ess · wall_segment Palisade Wall x1 |
| 11:57 | Karl Ess · wall_segment Palisade Wall x5 |
| 12:12 | Karl Ess · wall_segment Palisade Wall x6 |
| 12:21 | Aveee · first_building Archery Range |
| 13:26 | |TEMPLE| Christine · wall_segment Palisade Wall x9 |
| 13:35 | Karl Ess · wall_segment Palisade Wall x16 |
| 15:58 | |TEMPLE| Christine · wall_segment Palisade Wall x7 |
| 16:46 | Aveee · wall_segment Stone Wall x6 |
| 16:57 | Karl Ess · wall_segment Palisade Wall x1 |
| 17:59 | Aveee · wall_segment Palisade Wall x1 |
| 18:00 | Aveee · wall_segment Palisade Wall x1 |
| 18:26 | Aveee · wall_segment Stone Wall x4 |
| 19:05 | Aveee · wall_segment Palisade Wall x1 |
| 19:20 | [BÜN] Nehekbo · age_up castle |
| 19:22 | Aveee · wall_segment Stone Wall x1 |
| 19:24 | Aveee · wall_segment Stone Wall x1 |
| 19:24 | Aveee · wall_segment Stone Wall x1 |
| 19:24 | Aveee · wall_segment Stone Wall x1 |
| 19:25 | Aveee · wall_segment Stone Wall x1 |
| 19:52 | Aveee · age_up castle |
| 20:40 | Aveee · wall_segment Stone Wall x6 |
| 20:59 | Karl Ess · first_market_sell 100 wood |
| 21:50 | |TEMPLE| Christine · age_up castle |
| 23:44 | Karl Ess · age_up castle |
| 24:46 | Karl Ess · first_market_buy 100 stone |
| 25:26 | |TEMPLE| Christine · first_market_buy 100 stone |
| 26:29 | [BÜN] Nehekbo · first_market_buy 100 food |
| 26:57 | Aveee · first_building Stable |
| 27:45 | |TEMPLE| Christine · first_market_sell 100 wood |
| 29:44 | [BÜN] Nehekbo · first_building Castle |
| 30:33 | [BÜN] Nehekbo · tribute_sent a jugador 2 |
| 30:33 | [BÜN] Nehekbo · tribute_sent a jugador 3 |
| 30:33 | [BÜN] Nehekbo · tribute_sent a jugador 4 |
| 32:13 | Karl Ess · wall_segment Palisade Wall x1 |
| 32:24 | Aveee · first_market_buy 100 food |
| 34:31 | [BÜN] Nehekbo · wall_segment Palisade Wall x1 |
| 34:58 | [BÜN] Nehekbo · first_market_sell 500 wood |
| 36:20 | Aveee · first_building Monastery |
| 37:08 | |TEMPLE| Christine · first_building Castle |
| 38:29 | [BÜN] Nehekbo · first_building Monastery |
| 38:39 | [BÜN] Nehekbo · age_up imperial |
| 39:48 | Aveee · age_up imperial |
| 40:21 | Karl Ess · first_building Stable |
| 40:48 | [BÜN] Nehekbo · first_building Archery Range |
| 41:20 | Aveee · first_market_sell 500 food |
| 41:41 | Aveee · first_building Castle |
| 41:45 | Aveee · tribute_sent a jugador 1 |
| 41:45 | Aveee · tribute_sent a jugador 2 |
| 41:45 | Aveee · tribute_sent a jugador 3 |
| 43:19 | Aveee · wall_segment Stone Wall x1 |
| 43:27 | Karl Ess · tribute_sent a jugador 1 |
| 43:27 | Karl Ess · tribute_sent a jugador 2 |
| 43:27 | Karl Ess · tribute_sent a jugador 4 |
| 43:39 | Karl Ess · first_building Castle |
| 44:07 | |TEMPLE| Christine · age_up imperial |
| 44:29 | Karl Ess · first_building Monastery |
| 44:36 | Aveee · tribute_sent a jugador 1 |
| 44:36 | Aveee · tribute_sent a jugador 2 |
| 44:36 | Aveee · tribute_sent a jugador 3 |
| 45:06 | [BÜN] Nehekbo · tribute_sent a jugador 2 |
| 45:06 | [BÜN] Nehekbo · tribute_sent a jugador 3 |
| 45:06 | [BÜN] Nehekbo · tribute_sent a jugador 4 |
| 45:54 | Aveee · tribute_sent a jugador 1 |
| 45:54 | Aveee · tribute_sent a jugador 2 |
| 45:54 | Aveee · tribute_sent a jugador 3 |
| 47:18 | Aveee · wall_segment Stone Wall x3 |
| 47:20 | Aveee · wall_segment Stone Wall x7 |
| 47:24 | Aveee · wall_segment Stone Wall x3 |
| 47:57 | Karl Ess · age_up imperial |
| 48:28 | Aveee · wall_segment Stone Wall x1 |
| 48:30 | |TEMPLE| Christine · wall_segment Palisade Wall x7 |
| 48:36 | [BÜN] Nehekbo · tribute_sent a jugador 2 |
| 48:36 | [BÜN] Nehekbo · tribute_sent a jugador 3 |
| 48:36 | [BÜN] Nehekbo · tribute_sent a jugador 4 |
| 48:37 | |TEMPLE| Christine · wall_segment Palisade Wall x7 |
| 49:30 | |TEMPLE| Christine · wall_segment Stone Wall x1 |
| 49:40 | [BÜN] Nehekbo · wall_segment Stone Wall x13 |
| 49:43 | [BÜN] Nehekbo · wall_segment Stone Wall x12 |
| 49:49 | [BÜN] Nehekbo · wall_segment Stone Wall x23 |
| 50:45 | |TEMPLE| Christine · wall_segment Stone Wall x1 |
| 51:28 | Aveee · wall_segment Stone Wall x1 |
| 51:30 | Aveee · wall_segment Stone Wall x1 |
| 51:34 | Aveee · wall_segment Stone Wall x1 |
| 51:36 | Aveee · wall_segment Stone Wall x1 |
| 52:21 | [BÜN] Nehekbo · wall_segment Stone Wall x11 |
| 53:05 | Aveee · wall_segment Stone Wall x1 |
| 53:28 | Aveee · first_building Siege Workshop |
| 54:05 | Aveee · tribute_sent a jugador 1 |
| 54:05 | Aveee · tribute_sent a jugador 2 |
| 54:05 | Aveee · tribute_sent a jugador 3 |
| 55:27 | [BÜN] Nehekbo · resign |
[ AI ANALYSIS · 1 CREDIT ]
What really happened in this match?
Wolo.gg analyzes every decision: build order, eco, micro, common mistakes by bracket. Personalized analysis on WhatsApp or Discord in 30 seconds.
Civ guide
Magyars
Perfil
Jugador #23325552